 Dungeon Crawl Stone Soup version 0.30-a0-639-g3916f1956a (webtiles) character file.

Game seed: 15965006492982040928

209 Mitcholas the Chopper (level 5, -5/48 HPs)
             Began as a Gargoyle Fighter on Jan 15, 2023.
             Slain by a gnoll
             ... wielding a +0 spear
             ... led by a gnoll bouda
              (6 damage)
             ... on level 4 of the Dungeon.
             The game lasted 00:07:05 (2980 turns).

Mitcholas the Chopper (Gargoyle Fighter)            Turns: 2980, Time: 00:07:05

Health: -5/48      AC: 22    Str: 21    XL:     5   Next: 87%
Magic:  5/5        EV:  2    Int:  9    God:
Gold:   208        SH:  4    Dex:  9    Spells: 4/4 levels left

rFire   . . .      SeeInvis .    a - +0 war axe
rCold   . . .      Faith    .    c - +0 buckler
rNeg    + . .      Spirit   .    (body armour currently unavailable)
rPois   ∞          Reflect  .    (helmet currently unavailable)
rElec   .          Harm     .    (cloak currently unavailable)
rCorr   .          Rampage  .    (gloves currently unavailable)
Will    .....      NoTele   +    (boots currently unavailable)
Stlth   +                        (no amulet)
HPRegen 0.28/turn                (no ring)
MPRegen 0.09/turn                (no ring)

@: tree-form
A: stationary, stasis, torment immunity, boosted hp, sickness immunity, AC +4,
negative energy resistance 1, (electricity resistance), torment resistance 1,
petrification resistance
a: no special abilities


You were on level 4 of the Dungeon.
You were a tree.
You visited 1 branch of the dungeon, and saw 4 of its levels.

You collected 208 gold pieces.

Inventory:

Hand Weapons
 a - a +0 war axe (weapon)
Armour
 b - a +0 scale mail (melded)
 c - a +0 buckler (worn)
 f - a +0 pair of gloves (melded)
 h - a scarf of resistance (melded)
 i - a +0 kite shield
Jewellery
 j - an amulet of guardian spirit
 r - a ring of ice
Wands
 t - a wand of mindburst (10)
Scrolls
 e - 3 scrolls of identify {unknown}
 k - a scroll of blinking {unknown}
 o - 3 scrolls of noise {unknown}
 p - a scroll of teleportation {unknown}
 q - a scroll of magic mapping {unknown}
 s - a scroll of silence {unknown}
 u - a scroll of immolation {unknown}
Potions
 d - a potion of might
 g - a potion of magic {unknown}
 l - a potion of lignification
 m - a potion of ambrosia {unknown}
 n - a potion of heal wounds {unknown}
 v - a potion of resistance {unknown}


   Skills:
 - Level 3.2 Fighting
 * Level 4.7 Axes
 - Level 3.2 Armour
 + Level 4.4 Shields


You had 4 spell levels left.
You didn't know any spells.
Your spell library contained the following spells:

 Spells                   Type           Power      Damage    Failure   Level
 Magic Dart               Conj           0%         1d3       45%         1
 Shock                    Conj/Air       0%         1d3       45%         1
 Call Imp                 Summ           0%         N/A       61%         2
 Mephitic Cloud           Conj/Pois/Air  0%         N/A       83%         3
 Swiftness                Air            0%         N/A       83%         3
 Airstrike                Air            0%         2d(0-16)  99%         4


Dungeon Overview and Level Annotations

Branches:
Dungeon (4/15)
 Temple: D:4-7

Altars:
Kikubaaqudgha
Trog


Innate Abilities, Weirdness & Mutations

You are a tree.
Your roots penetrate the ground, keeping you stationary.
You cannot be teleported.
You are immune to unholy pain and torment.
Your maximum health is greatly increased.
Your equipment is partially melded.
You are immune to sickness and miasma.
((Your stone body is resilient. (AC +4)))
You are immune to poison.
You resist negative energy. (rN+)
((You are resistant to electric shocks. (rElec)))
You are resistant to unholy torment.
You are immune to petrification.


Message History

Your attacks no longer feel as feeble.
Okay, then.
Okay, then.
Aiming: Mindburst
Press: ? - help, Shift-Dir - straight line, f - gnoll bouda
Aim: a gnoll bouda, wielding a +0 whip and wearing a +0 robe (heavily wounded, chance to affect: 64%)
The gnoll bouda's mind is blasted!
You blow up the gnoll bouda!
The gnoll hits you but does no damage.
It was a potion of lignification.
You turn into a tree.
Your scarf of resistance melds into your body.
Your +0 pair of gloves melds into your body.
Your +0 scale mail melds into your body.
You feel hot and cold all over.
Your roots penetrate the ground.
The gnoll is no longer moving quickly.
The gnoll hits you but does no damage. You block the gnoll's attack.
You barely miss the gnoll. The gnoll hits you with a +0 club.
* * * LOW HITPOINT WARNING * * *
The gnoll hits you but does no damage. The gnoll barely misses you.
You barely miss the gnoll.
The gnoll hits you from afar with a +0 spear.
* * * LOW HITPOINT WARNING * * *
You block the gnoll's attack.
The gnoll hits you from afar with a +0 spear.
* * * LOW HITPOINT WARNING * * *
You closely miss the gnoll. The gnoll completely misses you.
The gnoll hits you but does no damage.
You hit the gnoll.
The gnoll is lightly wounded.
You block the gnoll's attack. x2; The gnoll hits you but does no damage.
You hit the gnoll.
The gnoll is moderately wounded.
The gnoll hits you but does no damage. You block the gnoll's attack.
The gnoll hits you from afar with a +0 spear.
* * * LOW HITPOINT WARNING * * *
You hit the gnoll.
The gnoll is heavily wounded.
You block the gnoll's attack.
The gnoll hits you from afar with a +0 spear.
You die...

#....# #gg..#
#####g...##
#....###..?.#
#....#...#gg.
#..g.+...# .
#..g.#..#
####g##..##
#...)♣....#
#.....)...#
#.........#
##...##..##
#######..###+#
#.....#......#
#.....+......#
#
#.....#'######.
###
#..............


You could see 3 gnolls.

Vanquished Creatures
  A hound (D:4)
  A gnoll bouda (D:4)
  An iguana (D:3)
  4 adders
  A white imp (D:4)
  A worm (D:4)
  7 orcs
  4 ball pythons
  7 endoplasms
  4 giant cockroaches
  8 goblins
  4 hobgoblins
  2 jackals (D:1)
  5 kobolds
  6 quokkas
  7 bats
  2 frilled lizards (D:1)
  6 rats
71 creatures vanquished.

Vanquished Creatures (others)
  2 fungi (D:3)
2 creatures vanquished.

Grand Total: 73 creatures vanquished

Notes
Turn   | Place    | Note
-------+----------+-------------------------------------------
     0 | D:1      | Mitcholas the Gargoyle Fighter began the quest for the Orb.
     0 | D:1      | Reached XP level 1. HP: 14/14 MP: 1/1
   205 | D:1      | Reached XP level 2. HP: 19/19 MP: 2/2
   490 | D:1      | Reached XP level 3. HP: 22/23 MP: 3/3
  1781 | D:3      | Reached XP level 4. HP: 28/28 MP: 4/4
  1840 | D:3      | Found a bloodstained altar of Trog.
  2364 | D:3      | Reached XP level 5. HP: 25/32 MP: 5/5
  2565 | D:3      | Found an ancient bone altar of Kikubaaqudgha.
  2591 | D:3      | Found a faded altar of an unknown god.
  2979 | D:4      | HP: 1/48 [gnoll/+0 spear[a gnoll bouda] (6)]
  2980 | D:4      | Slain by a gnoll

Illustrated notes

Levels and vault maps discovered:
D:1:      amcnicky_arrival_abandoned_market, layout_basic, minmay_box_of_dots
D:2:      layout_loops_corners
D:3:      layout_basic, general_overflow_altar, lemuel_coloured_pillars_altar,
          shapermc_ecumenical_altar_acropolis, st_stairs_7
D:4:      layout_gridville

Skill      XL: |  1  2  3  4 |
---------------+-------------+-----
Axes           | 2 3 4 |  4.7
Shields        | 4 |  4.4
Fighting       | |  3.2
Armour         | |  3.2

Action                   |  1- 3 |  4- 6 || total
-------------------------+-------+-------++-------
Melee: War axe           |   137 |    98 ||   235
Evoke: Wand              |       |     1 ||     1
  Use: Potion            |       |     1 ||     1
Armor: Scale mail        |    83 |    47 ||   130
       Skin              |       |     5 ||     5
Dodge: Dodged            |    64 |    35 ||    99
Block: Buckler           |    21 |    32 ||    53

Table legend: (Time is in decaauts)
 A = Elapsed time spent in this place.
 B = Non-inter-level travel time spent in this place.
 C = Inter-level travel time spent in this place.
 D = Time resting spent in this place.
 E = Time spent auto-exploring this place.
 F = Levels seen in this place.
 G = Mean time per level.
                   A        B        C        D        E       F      G
               +--------+--------+--------+--------+--------+-----+--------+
         Total |   3067 |   2986 |     81 |     75 |   2100 |   4 |  766.8 |
       Dungeon |   3067 |   2986 |     81 |     75 |   2100 |   4 |  766.8 |
               +--------+--------+--------+--------+--------+-----+--------+

Top non-repeatable levels by time:
     D:3: 1059 daAuts
     D:2: 950 daAuts
     D:1: 783 daAuts
     D:4: 275 daAuts
